 Dungeon Crawl Stone Soup version 0.22.0-38-g04b72b8 (webtiles) character file.

96679 poirepourri the Peltast (level 15, -5/148 HPs)
             Began as a Deep Dwarf Fighter on Aug 31, 2018.
             Was the Champion of Makhleb.
             Succumbed to an emperor scorpion's poison
             ... on level 4 of the Spider Nest.
             The game lasted 00:21:17 (14462 turns).

poirepourri the Peltast (Deep Dwarf Fighter)       Turns: 14462, Time: 00:21:17

Health: -5/148     AC: 17    Str: 21      XL:     15   Next: 69%
Magic:  1/8        EV:  7    Int:  9      God:    Makhleb [******]
Gold:   901        SH: 17    Dex: 16 (17) Spells: 14/14 levels left

rFire    + . .     SeeInvis +   a - +5 war axe (drain)
rCold    . . .     Gourm    .   c - +1 shield
rNeg     + . .     Faith    .   y - +1 chain mail
rPois    +         Spirit   .   (no helmet)
rElec    .         Reflect  .   z - +2 cloak {rPois}
rCorr    .         Harm     .   u - +0 pair of gloves
MR       ++...                  R - +2 pair of boots
Stlth    ..........             (no amulet)
HPRegen  0.00/turn              B - ring of see invisible
MPRegen  0.11/turn              O - ring of protection from fire

@: lethally poisoned (-5 -> -49), very slightly contaminated, non-regenerating,
slowed, very slow
A: damage resistance, heal wounds, negative energy resistance 1, sense
surroundings 2, screaming 1, no potion heal 1, no regeneration
a: Heal Wounds, Minor Destruction, Lesser Servant of Makhleb, Major Destruction,
Greater Servant of Makhleb, Renounce Religion


You were on level 4 of the Spider Nest.
You worshipped Makhleb.
Makhleb was exalted by your worship.
You were not hungry.

You visited 4 branches of the dungeon, and saw 21 of its levels.
You also visited: Ossuary.

You collected 1310 gold pieces.
You spent 409 gold pieces at shops.

Inventory:

Hand Weapons
 a - a +5 war axe of draining (weapon)
 b - a +1 flail of protection
Missiles
 q - 218 bolts
 v - 20 javelins (quivered)
Armour
 c - a +1 shield (worn)
 u - a +0 pair of gloves (worn)
 y - a +1 chain mail (worn)
 z - a +2 cloak of poison resistance (worn)
 R - a +2 pair of boots (worn)
Jewellery
 d - an uncursed amulet of the acrobat {unknown}
 r - an uncursed amulet of regeneration
 t - a cursed amulet of the acrobat {unknown}
 B - a ring of see invisible (left hand)
 O - a ring of protection from fire (right hand)
 P - an uncursed ring of protection from cold
Wands
 o - a wand of enslavement (10)
 w - a wand of flame (145)
 G - a wand of polymorph (21)
 H - a wand of random effects (33)
 L - a wand of iceblast (8)
 N - a wand of clouds (2)
Scrolls
 s - 8 scrolls of fog
 A - a scroll of torment {unknown}
 C - a scroll of magic mapping
 F - 9 scrolls of remove curse
 I - 8 scrolls of teleportation
 K - a scroll of fear
 M - 2 scrolls of holy word
Potions
 e - 3 potions of curing
 g - 2 potions of berserk rage
 h - a potion of haste
 i - 4 potions of flight
 j - 3 potions of mutation
 k - 6 potions of lignification
 l - 4 potions of cancellation
 m - 3 potions of resistance
 n - 2 potions of brilliance
 p - 3 potions of agility
 E - a potion of magic
Comestibles
 f - 32 rations


   Skills:
 - Level 13.3 Fighting
 - Level 16.1 Axes
 - Level 3.2 Armour
 + Level 19.7 Shields


You had 14 spell levels left.
You didn't know any spells.
Your spell library contained the following spells:

 Spells                   Type           Power        Failure   Level  Hunger
 Animate Skeleton         Necr           N/A          98%         1    ##.....
 Apportation              Tloc           #.....       98%         1    ##.....
 Confusing Touch          Hex            #.....       98%         1    ##.....
 Corona                   Hex            #......      98%         1    ##.....
 Magic Dart               Conj           #...         98%         1    ##.....
 Summon Small Mammal      Summ           #...         98%         1    ##.....
 Call Imp                 Summ           #.......     99%         2    ###....
 Ensorcelled Hibernation  Hex/Ice        #.....       99%         2    ###....
 Searing Ray              Conj           #.....       99%         2    ###....
 Slow                     Hex            #.......     99%         2    ###....
 Call Canine Familiar     Summ           #.......     100%        3    ####...
 Confuse                  Hex            #.......     100%        3    ####...
 Dazzling Spray           Conj/Hex       #.....       100%        3    ####...
 Gell's Gravitas          Tloc           #.........   100%        3    ####...
 Inner Flame              Hex/Fire       #.......     100%        3    ####...
 Portal Projectile        Hex/Tloc       #.....       100%        3    ####...
 Summon Guardian Golem    Hex/Summ       #.......     100%        3    ####...
 Tukima's Dance           Hex            #.......     100%        3    ####...
 Cause Fear               Hex            #.........   100%        4    #####..
 Force Lance              Conj/Tloc      #.......     100%        4    #####..
 Fulminant Prism          Conj/Hex       #.........   100%        4    #####..
 Iskenderun's Mystic Bla  Conj           #.......     100%        4    #####..
 Leda's Liquefaction      Hex/Erth       #.........   100%        4    #####..
 Petrify                  Tmut/Erth      #.......     100%        4    #####..
 Summon Ice Beast         Ice/Summ       #.......     100%        4    #####..
 Summon Lightning Spire   Summ/Air       #.......     100%        4    #####..
 Borgnjor's Vile Clutch   Necr/Erth      #.........   100%        5    ######.
 Metabolic Englaciation   Hex/Ice        #.........   100%        5    ######.
 Silence                  Hex/Air        #.........   100%        5    ######.
 Yara's Violent Unravell  Hex/Tmut       #.........   100%        5    ######.
 Darkness                 Hex            #.........   100%        6    #######
 Shadow Creatures         Summ           N/A          100%        6    #######


Dungeon Overview and Level Annotations

Branches:
Dungeon (10/15)            Temple (1/1) D:4            Lair (6/6) D:10
 Shoals (0/4) Lair:3       Spider (4/4) Lair:2        Slime (0/5) Lair:6
    Orc: D:9-12

Altars:
Ashenzari
Cheibriados
Dithmenos
Elyvilon
Fedhas
Gozag
Hepliaklqana
Kikubaaqudgha
Makhleb
Nemelex Xobeh
Okawaru
Qazlal
Ru
Sif Muna
Trog
Uskayaw
Vehumet
Wu Jian
Xom
Yredelemnul
Zin
The Shining One
Jiyva

Shops:
D:4 [   D:6 ?   D:9 [[[

Annotations:
Lair:3 exclusion: oklob plant
Lair:5 exclusion: oklob plant
Spider:1 exclusion: Roxanne, Roxanne


Innate Abilities, Weirdness & Mutations

You are resistant to damage.
You can heal yourself by infusing magical energy.
You resist negative energy. (rN+)
You passively map the area around you.
You do not regenerate.
You occasionally shout uncontrollably at your foes.
Potions are less effective at restoring your health.


Message History

The emperor scorpion claws you but does no damage.
The emperor scorpion barely misses you.
You block the emperor scorpion's attack.
The emperor scorpion barely misses you.
You fail to use your ability.
* * * LOW HITPOINT WARNING * * *
You feel very sick. The hornet stings you!
* * * LOW HITPOINT WARNING * * *
You feel yourself slow down.
You block the emperor scorpion's attack. x2
The emperor scorpion barely misses you. The hornet stings you.
The emperor scorpion stings you but does no damage.
You block the emperor scorpion's attack. x2
Unknown command.
Blink to where?
Press: ? - help, Dir - move target cursor You are very lightly contaminated with residual magic.
As you read the scroll of blinking, it crumbles to dust.
You die...

##≈≈#######yy...####
^..≈≈≈#...§sy.≈..≈..
..≈≈≈≈..s##y.##...,
#.##....###.≈##
#....## #y..# #≈...#*
##..#** ##≈..## ,,#''#
* ##...## *,y.##.,,
#.@≈#####..y ,..
#...#..##... ..s
###.$≈≈≈.#####* ####
##.†..≈≈≈.############
#^.††##..###.^.^##.≈≈#
#≈††.# ###≈...........
##..≈# ###†.≈#≈.....≈.
#....###.^..##≈..^.##.
##≈.^†#....####.^..##.


You could see an emperor scorpion.

Vanquished Creatures
  Arachne (Spider:2)
  Louise (Spider:1)
  A ghost moth (Spider:4)
  An emperor scorpion (Spider:3)
  3 entropy weavers
  A spark wasp (Spider:4)
  Harold (Lair:1)
  2 hydras (Lair:6)
  3 death yaks (Lair:6)
  Urug (Lair:2)
  14 spriggans (Lair:6)
  A fire crab (Lair:6)
  Pikel (D:8)
  13 orb spiders
  23 wolf spiders
  A manticore (Lair:3)
  A moth of wrath (Spider:3)
  4 black mambas
  Joseph (D:8)
  20 elephants
  Psyche (D:9)
  5 torpor snails
  5 spiny frogs
  8 demonic crawlers
  7 komodo dragons
  2 rime drakes
  26 jumping spiders
  3 meliai
  9 polar bears
  7 hornets
  A tyrant leech (Spider:3)
  A dream sheep (Lair:6)
  23 blink frogs
  8 hippogriffs
  2 wyverns
  68 redbacks
  36 tarantellas
  10 yaks
  3 basilisks
  Grum (D:9)
  Edmund (D:4)
  9 water moccasins
  10 porcupines
  4 soldier ants (Spider:2)
  3 orc warriors (D:10)
  3 ice beasts
  A phantom (D:7)
  4 sky beasts
  7 black bears
  7 ogres
  3 boggarts (Lair:6)
  4 centaurs
  29 wolves
  8 elf zombies (Ossuary)
  16 crocodiles
  2 big kobolds (D:7)
  8 bullfrogs
  A wyvern zombie (D:9)
  A water moccasin zombie (D:7)
  3 scorpions
  16 killer bees
  2 electric eels
  2 howler monkeys (D:9)
  4 crimson imps
  2 centaur zombies
  2 lava snakes (Lair:4)
  3 human zombies (Ossuary)
  7 hounds
  A jelly (D:5)
  6 orc priests
  2 bullfrog skeletons
  2 centaur skeletons
  7 orc wizards
  Terence (D:3)
  5 iguanas
  Natasha (D:3)
  12 worker ants
  A hound zombie (D:8)
  4 mummies
  2 worker ant zombies
  10 adders
  3 shadow imps
  An ooze (D:2)
  An adder zombie (D:9)
  2 adder skeletons
  4 worms
  4 dart slugs
  4 leopard geckos
  37 orcs
  A ball python (D:3)
  5 bats
  5 giant cockroaches
  3 goblins
  6 hobgoblins
  7 jackals
  5 quokkas
  11 frilled lizards
  7 kobolds
  2 leopard gecko skeletons
  A leopard gecko zombie (D:2)
  A quokka zombie (D:5)
  7 rats
  2 fungi
  2 plants
657 creatures vanquished.

Vanquished Creatures (collateral kills)
  A hydra (Lair:5)
  An orb spider (Spider:4)
  A rime drake (Lair:5)
  3 jumping spiders (Spider:4)
  A polar bear (Lair:6)
  A redback (Spider:4)
  A water moccasin (Lair:6)
  2 fungi (Lair:5)
11 creatures vanquished.

Vanquished Creatures (others)
  An orb spider (Spider:1)
  2 spiny frogs
  A demonic crawler (Spider:1)
  A redback (Spider:1)
  A crimson imp (D:8)
  4 fungi
  4 plants
14 creatures vanquished.

Grand Total: 682 creatures vanquished

Notes
Turn   | Place    | Note
-------+----------+-------------------------------------------
     0 | D:1      | poirepourri the Deep Dwarf Fighter began the quest for the Orb.
     0 | D:1      | Reached XP level 1. HP: 20/20 MP: 1/1
   138 | D:1      | Reached XP level 2. HP: 25/27 MP: 2/2
   719 | D:2      | Reached XP level 3. HP: 22/33 MP: 3/3
   746 | D:2      | Found a sparkling altar of Nemelex Xobeh.
   843 | D:2      | Noticed an ogre
   863 | D:2      | Killed an ogre
   863 | D:2      | Reached skill level 5 in Axes
   863 | D:2      | Reached XP level 4. HP: 20/40 MP: 2/2
   863 | D:2      | Reached XP level 5. HP: 23/46 MP: 3/3
  1598 | D:3      | Noticed Terence
  1605 | D:3      | Killed Terence
  1768 | D:3      | Noticed Natasha
  1777 | D:3      | Killed Natasha
  1779 | D:3      | Found a hazy altar of Hepliaklqana.
  2076 | D:4      | Reached XP level 6. HP: 36/55 MP: 3/3
  2269 | D:4      | Found Qypicoass's Antique Armour Shoppe.
  2277 | D:4      | Bought a shiny chain mail for 172 gold pieces
  2409 | D:4      | Found a staircase to the Ecumenical Temple.
  2422 | D:4      | Noticed Edmund
  2436 | Temple   | Entered the Ecumenical Temple
  2793 | Temple   | Became a worshipper of Makhleb the Destroyer
  2856 | D:4      | Killed Edmund
  2856 | D:4      | Reached XP level 7. HP: 61/61 MP: 4/4
  2953 | D:4      | Found a shadowy altar of Dithmenos.
  3267 | D:4      | Found a white marble altar of Elyvilon.
  3351 | D:5      | Entered Level 5 of the Dungeon
  3358 | D:5      | Reached skill level 10 in Axes
  3505 | D:5      | Found a sand-covered staircase.
  3513 | Ossuary  | Entered an ossuary
  3565 | Ossuary  | Reached XP level 8. HP: 45/68 MP: 5/5
  3576 | Ossuary  | Reached * piety under Makhleb
  3843 | D:5      | Found a sparkling altar of Nemelex Xobeh.
  4001 | D:5      | Found an ancient bone altar of Kikubaaqudgha.
  4003 | D:5      | Found a blossoming altar of Fedhas.
  4400 | D:6      | Found an ornate altar of the Wu Jian Council.
  4428 | D:6      | Found Fecwev's Magic Scroll Boutique.
  4444 | D:6      | Reached ** piety under Makhleb
  4456 | D:6      | Gained mutation: You passively map the area around you. [Deep Dwarf growth]
  4456 | D:6      | Reached XP level 9. HP: 65/74 MP: 6/6
  4469 | D:6      | Bought a scroll of teleportation for 36 gold pieces
  4469 | D:6      | Bought a scroll of teleportation for 36 gold pieces
  4757 | D:6      | You fall through a shaft for 3 floors!
  4811 | D:9      | Found Nukegaq's Antique Armour Boutique.
  4814 | D:9      | Found Yplonifo's Food Boutique.
  4815 | D:9      | Found Toatem's Armour Boutique.
  4816 | D:9      | Found Dedaat's Jewellery Boutique.
  4850 | D:9      | Noticed Psyche
  4857 | D:9      | Killed Psyche
  5008 | D:9      | Noticed Grum
  5030 | D:9      | Killed Grum
  5079 | D:9      | Found Figiha's Antique Armour Emporium.
  5245 | D:9      | Found a radiant altar of Vehumet.
  5457 | D:9      | Found an opulent altar of Gozag.
  5504 | D:9      | Bought a runed cloak for 165 gold pieces
  5601 | D:8      | Noticed Pikel
  5623 | D:8      | Killed Pikel
  5623 | D:8      | Reached skill level 15 in Axes
  5623 | D:8      | Reached XP level 10. HP: 74/81 MP: 7/7
  5682 | D:8      | Reached *** piety under Makhleb
  5795 | D:8      | Noticed Joseph
  5814 | D:8      | Killed Joseph
  6010 | D:7      | Found a bloodstained altar of Trog.
  6956 | D:10     | Entered Level 10 of the Dungeon
  6956 | D:10     | Found a staircase to the Lair.
  7139 | D:10     | Reached skill level 5 in Fighting
  7168 | D:10     | Found a shattered altar of Ashenzari.
  7172 | D:10     | Saw a vision of the Shoals and the Spider Nest.
  7172 | D:10     | Noticed a merfolk siren
  7172 | D:10     | Noticed a merfolk siren
  7172 | D:10     | Noticed a wolf spider
  7172 | D:10     | Noticed a merfolk siren
  7355 | D:10     | Reached **** piety under Makhleb
  7651 | Lair:1   | Entered Level 1 of the Lair of Beasts
  7674 | Lair:1   | Reached XP level 11. HP: 58/99 MP: 7/7
  8020 | Lair:1   | Noticed Harold
  8054 | Lair:1   | Killed Harold
  8562 | Lair:2   | Reached skill level 10 in Fighting
  8642 | Lair:2   | Reached ***** piety under Makhleb
  8718 | Lair:2   | Noticed Urug
  8735 | Lair:2   | Noticed a cacodemon
  8738 | Lair:2   | Gained mutation: Potions are less effective at restoring your health. [a cacodemon]
  8743 | Lair:2   | Killed Urug
  8750 | Lair:2   | Gained mutation: You occasionally shout uncontrollably at your foes. [a cacodemon]
  8769 | Lair:2   | Reached XP level 12. HP: 58/120 MP: 8/8
  8965 | Lair:2   | Found a hole to the Spider Nest.
  9545 | Lair:3   | Found a staircase to the Shoals.
  9858 | Lair:3   | Found a snail-covered altar of Cheibriados.
 10126 | Lair:4   | Reached skill level 4 in Shields
 10136 | Lair:4   | Reached skill level 5 in Shields
 10328 | Lair:4   | Reached skill level 6 in Shields
 10463 | Lair:4   | Found a dark tunnel.
 10871 | Lair:5   | Reached skill level 7 in Shields
 10942 | Lair:5   | Reached XP level 13. HP: 133/133 MP: 9/9
 11038 | Lair:5   | Reached skill level 8 in Shields
 11191 | Lair:5   | Found a blossoming altar of Fedhas.
 11266 | Lair:5   | Reached skill level 9 in Shields
 11592 | Lair:6   | Entered Level 6 of the Lair of Beasts
 11592 | Lair:6   | Found a staircase to the Slime Pits.
 11592 | Lair:6   | Found a viscous altar of Jiyva.
 11646 | Lair:6   | Reached skill level 10 in Shields
 11743 | Lair:6   | Reached skill level 11 in Shields
 11874 | Lair:6   | Reached skill level 12 in Shields
 12052 | Lair:6   | Reached skill level 13 in Shields
 12077 | Lair:6   | Reached ****** piety under Makhleb
 12321 | Lair:6   | Gained mutation: You resist negative energy. (rN+) [Deep Dwarf growth]
 12321 | Lair:6   | Reached XP level 14. HP: 91/141 MP: 10/10
 12672 | Spider:1 | Entered Level 1 of the Spider Nest
 12674 | Spider:1 | Noticed an entropy weaver
 12682 | Spider:1 | Reached skill level 14 in Shields
 12702 | Lair:2   | Killed an entropy weaver
 12999 | Spider:1 | Reached skill level 15 in Shields
 13032 | Spider:1 | Noticed Louise
 13077 | Spider:1 | Killed Louise
 13178 | Spider:1 | Reached skill level 16 in Shields
 13308 | Spider:1 | Noticed Roxanne
 13368 | Spider:2 | Noticed Arachne
 13398 | Spider:2 | Killed Arachne
 13398 | Spider:2 | Reached skill level 17 in Shields
 13406 | Spider:2 | Noticed an entropy weaver
 13423 | Spider:2 | Killed an entropy weaver
 13481 | Spider:3 | Noticed an emperor scorpion
 13532 | Spider:3 | Killed an emperor scorpion
 13532 | Spider:3 | Reached XP level 15. HP: 148/148 MP: 9/9
 13738 | Spider:3 | Reached skill level 18 in Shields
 13908 | Spider:4 | Entered Level 4 of the Spider Nest
 14150 | Spider:4 | Reached skill level 19 in Shields
 14426 | Spider:4 | Noticed a ghost moth
 14451 | Spider:4 | Killed a ghost moth
 14461 | Spider:4 | HP: 2/148 [hornet (8)]
 14462 | Spider:4 | Succumbed to an emperor scorpion's poison

Skill      XL: |  1  2  3  4  5  6  7  8  9 10 11 12 13 14 15 |
---------------+----------------------------------------------+-----
Axes           | 3 5 7 8 10 12 15 16 | 16.1
Fighting       | 6 11 13 | 13.3
Shields        | 7 13 17 19 | 19.7
Armour         | |  3.2

Action                   |  1- 3 |  4- 6 |  7- 9 | 10-12 | 13-15 || total
-------------------------+-------+-------+-------+-------+-------++-------
Melee: War axe           |   100 |   186 |   443 |   769 |   993 ||  2491
       Flail             |       |       |       |       |     4 ||     4
Throw: Javelin           |       |       |       |       |    11 ||    11
Invok: Greater Servant o |       |       |       |     1 |       ||     1
       Lesser Servant of |       |       |       |       |     5 ||     5
 Abil: Heal Wounds       |     3 |     2 |     1 |     8 |    12 ||    26
Evoke: Wand              |       |       |       |       |    11 ||    11
  Use: Scroll            |     2 |     7 |    11 |    11 |    14 ||    45
       Potion            |       |     3 |     4 |    13 |    12 ||    32
 Stab: Distracted        |       |       |       |     1 |       ||     1
       Invisible         |       |       |       |       |     6 ||     6
  Eat: Ration            |       |     2 |     3 |     5 |     2 ||    12
       Chunk             |       |       |     2 |     1 |     3 ||     6
Armor: Scale mail        |    51 |    58 |       |       |       ||   109
       Skin              |       |     8 |       |    13 |   141 ||   162
       Chain mail        |       |     5 |   166 |   339 |   765 ||  1275
Dodge: Dodged            |    35 |    44 |    59 |   141 |   351 ||   630
Block: Shield            |    57 |    68 |   153 |   347 |   975 ||  1600
